 Dungeon Crawl Stone Soup version 0.32-a0-470-g255bbe2f98 (webtiles) character file.

Game seed: 6374635726348429849

1893382 nakedcarnage the Acrobat (level 27, 241/241 HPs)
             Began as an Octopode Wanderer on Feb 25, 2024.
             Was the Champion of Hepliaklqana.
             Escaped with the Orb
             ... and 3 runes
             ... and 1 gem!
             The game lasted 02:08:29 (59956 turns).

nakedcarnage the Acrobat (Octopode Wanderer)       Turns: 59956, Time: 02:08:30

Health: 241/241    AC: 35    Str: 19    XL:     27
Magic:  42/42      EV: 59    Int: 18    God:    Hepliaklqana [******]
Gold:   171        SH: 36    Dex: 38    Spells: 14/40 levels left

rFire   + + +        a - +9 eveningstar (freeze)
rCold   + + +        i - +8 tower shield {rC+}
rNeg    + . .        b - +2 hat {Will+}
rPois   ∞            Z - amulet of regeneration
rElec   +            n - ring "Coicli Reana" {rF+++ rC+ MP+9 AC+4}
rCorr   .            g - +6 ring of dexterity
SInv    +            p - +6 ring of dexterity
Will    ++++.        y - +6 ring of dexterity
Stlth   ++           u - +5 ring of evasion
HPRegen 1.40/turn    D - +5 ring of evasion
MPRegen 0.28/turn    f - +6 ring of dexterity
                     h - ring "Jimogoac" {Will+ EV+5 SInv}

%: no passive effects
@: statue-form, very slow
A: slow and powerful, torment resistance 1, boosted hp, reduced essence, almost
no armour, amphibious, 8 rings, camouflage 1, (gelatinous body 1), (nimble
swimmer 1), tentacles, (iridescent scales 1), cold resistance 2, inability to
drink after injury 1, inability to read after injury 1, MP-powered wands
0: Orb of Zot
}: 3/15 runes: barnacled, silver, gossamer
a: Begin Untransformation, Renounce Religion, Recall Ancestor, Ancestor
Identity, Transference, Idealise


You escaped.
You worshipped Hepliaklqana.
Hepliaklqana was exalted by your worship.
You were a living statue of rough stone.
You visited 10 branches of the dungeon, and saw 48 of its levels.
You visited 1 bazaar.
You also visited: Gauntlet.

You collected 6335 gold pieces.
You spent 6164 gold pieces at shops.

Inventory:

Hand Weapons
 a - a +9 eveningstar of freezing (weapon)
 d - the +5 demon whip "Spellbinder" {antimagic, disrupt, Will+}
   (You took it off a deep elf death mage on level 3 of the Elven Halls)

   Will+:     It increases your willpower.
 o - a +7 heavy demon whip
 C - a +9 vampiric eveningstar
Missiles
 T - a throwing net {!f}
Armour
 b - a +2 hat of willpower (worn)
 i - a +8 tower shield of cold resistance (worn)
Jewellery
 c - a ring of resist corrosion
 f - a +6 ring of dexterity (on tentacle)
 g - a +6 ring of dexterity (right tentacle)
 h - the ring "Jimogoac" (on tentacle) {Will+ EV+5 SInv}
   (You took it off a deep elf pyromancer on level 3 of the Elven Halls)

   [ring of evasion]

   EV+5:      It affects your evasion (+5).
   Will+:     It increases your willpower.
   SInv:      It lets you see invisible.
 m - the ring "Mukisk" {Fly rElec rC+ Stlth-}
   (You bought it in a shop in a bazaar)

   [ring of flight]

   rC+:       It protects you from cold.
   rElec:     It insulates you from electricity.
   Fly:       It grants you flight.
   Stlth-:    It makes you less stealthy.
 n - the ring "Coicli Reana" (left tentacle) {rF+++ rC+ MP+9 AC+4}
   (You took it off a deep elf pyromancer on level 1 of the Elven Halls)

   [ring of protection]

   AC+4:      It affects your AC (+4).
   rF+++:     It renders you almost immune to fire.
   rC+:       It protects you from cold.
   MP+9:      It affects your magic capacity (+9).
 p - a +6 ring of dexterity (on tentacle)
 r - a ring of willpower
 u - a +5 ring of evasion (on tentacle)
 y - a +6 ring of dexterity (on tentacle)
 D - a +5 ring of evasion (on tentacle)
 E - an amulet of guardian spirit
 I - the ring of Noepas {Wiz rElec Str+4 Int+2}
   (You found it on level 4 of the Depths)

   [ring of wizardry]

   Wiz:       It improves your spell success rate.
   Str+4:     It affects your strength (+4).
   Int+2:     It affects your intelligence (+2).
   rElec:     It insulates you from electricity.
 W - a +4 ring of slaying
 Z - an amulet of regeneration (around mantle)
Talismans
 t - a granite talisman (active)
Wands
 v - a wand of digging (11) {@v3}
 M - a wand of iceblast (33) {@v2}
 N - a wand of light (27)
 Q - a wand of charming (36)
Scrolls
 e - 12 scrolls of fear
 q - 3 scrolls of revelation
 F - 12 scrolls of vulnerability
 H - 13 scrolls of teleportation {@r3}
 J - 5 scrolls of silence
 O - 5 scrolls of blinking {@r4}
 S - 9 scrolls of immolation
 Y - 6 scrolls of fog
Potions
 k - 12 potions of heal wounds {@q2}
 l - 3 potions of might {@q3}
 s - 2 potions of haste {@q4}
 w - 5 potions of invisibility
 x - 24 potions of curing {@q1}
 z - 6 potions of lignification
 A - 4 potions of magic
 B - 7 potions of resistance {@q5}
 K - 4 potions of cancellation
 P - 10 potions of enlightenment
 X - 7 potions of ambrosia
Miscellaneous
 j - a phial of floods
 G - a lightning rod (4/4)
 L - a phantom mirror
 R - a box of beasts


   Skills:
 - Level 22.0 Fighting
 - Level 3.0(3.3) Short Blades
 - Level 2.0(2.8) Long Blades
 - Level 16.0 Maces & Flails
 - Level 2.0 Throwing
 * Level 22.4 Dodging
 - Level 2.0 Stealth
 - Level 20.0 Shields
 - Level 7.0 Spellcasting
 - Level 9.0 Summonings
 - Level 13.0 Translocations
 - Level 6.0 Ice Magic
 - Level 7.0 Air Magic
 - Level 10.0 Invocations
 - Level 12.0 Evocations
 - Level 18.0 Shapeshifting


You had 14 spell levels left.
You knew the following spells:

 Your Spells              Type           Power      Damage    Failure   Level
a - Blink                 Tloc           100%       N/A       1%          2
d - Ozocubu's Armour      Ice            27%        N/A       4%          3
e - Apportation           Tloc           100%       N/A       1%          1
f - Summon Mana Viper     Hex/Summ       22%        N/A       65%         5
g - Manifold Assault      Tloc           52%        N/A       1%          4
h - Summon Forest         Summ/Tloc      22%        N/A       6%          5
i - Vhi's Electric Charg  Tloc/Air       84%        N/A       3%          4
j - Lesser Beckoning      Tloc           100%       N/A       1%          2

Your spell library contained the following spells:

 Spells                   Type           Power      Damage    Failure   Level
 Freeze                   Ice            100%       1d10      1%          1
 Call Imp                 Summ           76%        N/A       1%          2
 Momentum Strike          Conj/Tloc      58%        3d9       1%          2
 Call Canine Familiar     Summ           38%        N/A       1%          3
 Gell's Gravitas          Tloc           52%        N/A       1%          3
 Teleport Other           Tloc           52%        N/A       1%          3
 Summon Ice Beast         Ice/Summ       33%        N/A       2%          3
 Frozen Ramparts          Ice            54%        1d9       4%          3
 Volatile Blastmotes      Fire/Tloc      58%        2d14      4%          3
 Mercury Vapours          Alch/Air       36%        N/A       7%          2
 Static Discharge         Conj/Air       36%        3-5/arc   7%          2
 Summon Lightning Spire   Summ/Air       35%        N/A       8%          4
 Airstrike                Air            15%        2d(3-19)  11%         4
 Dimensional Bullseye     Hex/Tloc       14%        N/A       14%         4
 Dispersal                Tloc           26%        N/A       14%         6
 Hailstorm                Conj/Ice       17%        3d6       17%         3
 Magic Dart               Conj           24%        1d4       21%         1
 Slow                     Hex            24%        N/A       21%         1
 Mephitic Cloud           Conj/Alch/Air  14%        N/A       24%         3
 Jinxbite                 Hex            12%        N/A       30%         2
 Scorch                   Fire           12%        2d5       30%         2
 Martyr's Knell           Necr/Summ      22%        N/A       30%         4
 Confusing Touch          Hex            6%         N/A       52%         3
 Dazzling Flash           Conj/Hex       12%        N/A       52%         3
 Inner Flame              Hex/Fire       6%         N/A       52%         3
 Sigil of Binding         Hex            6%         N/A       52%         3
 Stone Arrow              Conj/Erth      12%        3d7       52%         3
 Vampiric Draining        Necr           6%         2d6       52%         3
 Summon Cactus Giant      Summ           19%        N/A       58%         6
 Freezing Cloud           Conj/Ice/Air   10%        6-21      67%         5
 Arcjolt                  Conj/Air       9%         1d19      78%         5
 Metabolic Englaciation   Hex/Ice        8%         N/A       85%         5
 Anguish                  Hex/Necr       3%         N/A       89%         4
 Animate Dead             Necr           6%         N/A       89%         4
 Dispel Undead            Necr           6%         3d8       89%         4
 Flame Wave               Conj/Fire      6%         2d5       89%         4
 Olgreb's Toxic Radiance  Alch           6%         N/A       89%         4
 Petrify                  Alch/Erth      6%         N/A       89%         4
 Sticky Flame             Fire/Alch      6%         2d4       89%         4
 Alistair's Intoxication  Alch           4%         N/A       99%         5
 Borgnjor's Vile Clutch   Necr/Erth      3%         N/A       99%         5
 Irradiate                Conj/Alch      3%         3d12      99%         5
 Iskenderun's Battlesphe  Conj           6%         2d6       99%         5
 Yara's Violent Unravell  Hex/Alch       3%         3d4       99%         5
 Monstrous Menagerie      Summ           19%        N/A       99%         7
 Summon Hydra             Summ           19%        N/A       99%         7
 Disjunction              Tloc           26%        N/A       99%         8
 Bombard                  Conj/Erth      3%         9d1       100%        6
 Death Channel            Necr           3%         N/A       100%        6
 Sculpt Simulacrum        Ice/Alch       8%         N/A       100%        6
 Starburst                Conj/Fire      3%         6d3       100%        6
 Enfeeble                 Hex            3%         N/A       100%        7
 Haunt                    Necr/Summ      11%        N/A       100%        7
 Ozocubu's Refrigeration  Ice            13%        4d10      100%        7
 Spellforged Servitor     Conj/Summ      11%        N/A       100%        7
 Discord                  Hex            3%         N/A       100%        8
 Ignition                 Fire           3%         3d4       100%        8
 Infestation              Necr           3%         N/A       100%        8
 Lehudib's Crystal Spear  Conj/Erth      3%         10d2      100%        8
 Maxwell's Capacitive Co  Air            15%        ∞         100%        8
 Polar Vortex             Ice            13%        12d1*     100%        9
 Sublimation of Blood     Necr           Unusable   N/A       N/A         2
 Animate Armour           Summ/Erth      Unusable   N/A       N/A         4

Dungeon Overview and Level Annotations

Branches:
Dungeon (15/15)            Temple (1/1) D:4            Lair (5/5) D:10
 Shoals (4/4) Lair:3       Spider (4/4) Lair:2        Slime (0/5) Lair:4
    Orc (2/2) D:10            Elf (3/3) Orc:2        Vaults (5/5) D:14
  Crypt (0/3) Vaults:2     Depths (4/4) D:15            Zot (5/5) Depths:4
Gauntlet (visited)

Altars:
Ashenzari
Cheibriados
Dithmenos
Elyvilon
Fedhas
Gozag
Hepliaklqana
Kikubaaqudgha
Makhleb
Nemelex Xobeh
Okawaru
Qazlal
Ru
Sif Muna
Trog
Uskayaw
Vehumet
Wu Jian
Xom
Yredelemnul
Zin
The Shining One
Beogh
Jiyva
Lugonu

Shops:
D:9 (   D:12 *   D:14 :   Orc:2 ?[!:   Elf:2 =   Elf:3 *=(   Shoals:1 :
Shoals:2 :::!   Vaults:2 (   Vaults:3 [   Vaults:4 (   Vaults:5 ??!?
Depths:4 *

Portals:
Hell: Depths:1 Depths:2 Depths:3 Depths:4
Abyss: Depths:3 Depths:4
Pandemonium: Depths:2
Ziggurat: Depths:3

Annotations:
D:13 2 transporters, exclusions: obsidian statue and orange crystal statue, vmvhnmv's ghost, journeyman MiFi
Shoals:1 6 transporters
Spider:2 3 runed translucent doors, Saxaraxtai's ghost, journeyman MiBe
Depths:3 exclusions: 2 angels and 3 more exclusions


Innate Abilities, Weirdness & Mutations

You are a living statue of rough stone.
Your actions are slow, but your melee attacks are powerful.
You are resistant to unholy torment.
Your maximum health is greatly increased.
Your life essence is reduced to manifest your ancestor. (-10% HP)
You cannot wear most types of armour.
You are amphibious.
You can wear up to eight rings at the same time.
You are immune to poison.
Your skin changes colour to match your surroundings (Stealth+).
((Your rubbery body absorbs attacks. (AC +1, EV +1)))
((You are camouflaged when in or above water. (Stealth+)))
You have tentacles for arms and can constrict up to eight enemies at once.
((You are partially covered in iridescent scales. (AC +2)))
Your flesh is very cold resistant. (rC++)
You occasionally lose the ability to drink potions when taking damage.
You occasionally lose the ability to read scrolls when taking damage.
You expend magic power (3 MP) to strengthen your wands.


Message History

There is a stone staircase leading up here.
Pemuto casts a spell at the Orb Guardian.
The bolt of magma hits the Orb Guardian!!
Pemuto gestures at the Orb Guardian while chanting.
The crystal spear hits the Orb Guardian!!!
The Orb Guardian dies!
You climb upwards.
There is a stone staircase leading down here.
There is an escape hatch in the ceiling here.
A mysterious force pulls you upwards. The hatch slams shut behind you.
There is a stone staircase leading up here.
You climb upwards.
There is a stone staircase leading down here.
You see here a +0 leather armour.
A Brimstone Fiend comes into view.
Aiming: Vhi's Electric Charge (mildly dangerous; 3% risk of failure)
Press: ? - help, Q - select action, (/) - cycle Shift-Dir - straight line, f - Brimstone Fiend
Aim: a Brimstone Fiend (95% to hit)
You charge forward with an electric crackle!
You closely miss the Brimstone Fiend.
Pemuto is recalled.
The Brimstone Fiend completely misses you. x2
You block the Brimstone Fiend's attack.
You hit the Brimstone Fiend but do no damage.
You squeeze the Brimstone Fiend, but do no damage.
You block the Brimstone Fiend's attack.
The Brimstone Fiend completely misses you.
You block the Brimstone Fiend's attack.
You hit the Brimstone Fiend but do no damage.
You squeeze the Brimstone Fiend.
The Brimstone Fiend completely misses you.
You block the Brimstone Fiend's attack. x2
Pemuto hits the Brimstone Fiend with a +0 lajatang of freezing!!!
Pemuto freezes the Brimstone Fiend!!!
You bludgeon the Brimstone Fiend!! You freeze the Brimstone Fiend.
You kill the Brimstone Fiend!
Magic restored.
There is an open gate here.
There is a staircase leading out of the dungeon here.
You have escaped!

#######
#..I..#
##..R##
#.###.#
#ß''Rß#
###.###
#.#
#.##
#..####
##....#
#####


You could see the friendly Pemuto the battlemage.

Vanquished Creatures
  2 dread liches
  7 orbs of fire (Zot:5)
  Mara (Vaults:5)
  A juggernaut (Depths:4)
  Xtahua (Depths:3)
  3 Killer Klowns (Zot:5)
  7 golden dragons
  A Tzitzimitl (Depths:2)
  An electric golem (Zot:5)
  A Brimstone Fiend (D:1)
  A tentacled monstrosity (Vaults:5)
  17 Orb Guardians (Zot:5)
  4 quicksilver dragons
  3 titans (Vaults:5)
  4 sphinxes
  A walking frostbound tome (Depths:3)
  A deep elf blademaster (Elf:3)
  Polyphemus (Shoals:3)
  2 deep elf master archers (Elf:3)
  3 death cobs
  6 shadow dragons
  4 tengu reavers (Vaults:5)
  3 storm dragons
  4 protean progenitors (Zot:5)
  2 fire giants
  2 draconian knights
  5 emperor scorpions (Spider:4)
  13 vault wardens
  2 ghost moths (Spider:4)
  6 deep elf sorcerers
  A spectral caustic shrike (Depths:2)
  2 iron dragons (Depths:2)
  4 frost giants
  5 deep elf elementalists (Elf:3)
  2 draconian scorchers (Zot:5)
  3 broodmothers
  A spriggan defender (Depths:3)
  10 very ugly things
  3 formless jellyfish
  A draconian annihilator (Zot:5)
  7 stone giants
  A demonspawn blood saint (D:5)
  7 ironbound preservers
  An ironbound thunderhulk (Vaults:1)
  2 vampire knights (Depths:2)
  4 deep elf demonologists
  2 black draconians
  4 deep elf death magi
  2 dire elephants
  The ghost of YordlordTheGreat the Bludgeoner, a journeyman HuCA of Elyvilon (Lair:2)
  2 spectral titans (Depths:2)
  6 deep elf annihilators
  A lorocyproca (D:11)
  3 white draconians
  5 war gargoyles
  2 minotaurs
  2 red draconians
  2 purple draconians
  10 spark wasps
  6 ettins
  4 fire dragons
  4 entropy weavers
  3 merfolk impalers
  2 deep elf high priests
  2 spectral spriggans (Depths:2)
  27 vault guards
  12 yaktaur captains
  A merfolk javelineer (Shoals:4)
  3 rakshasas
  2 great orbs of eyes (Vaults:1)
  Harold (D:9)
  3 ice dragons
  2 merfolk avatars (Shoals:3)
  2 peacekeepers
  2 caustic shrike simulacra (Depths:2)
  A spectral tengu (Depths:2)
  3 spriggan air magi
  3 hydras
  The ghost of Ocvoas the Carver, a journeyman AtWr of Hepliaklqana (Lair:1)
  An ogre mage (Vaults:5)
  An alligator snapping turtle (Shoals:3)
  4 ironbound frosthearts
  A catoblepas (Shoals:3)
  2 merfolk aquamancers
  A spectral fire giant (Depths:2)
  2 spectral sphinxes (Depths:2)
  4 boulder beetles
  3 spectral shadow dragons (Depths:2)
  2 jorogumos
  A satyr (Shoals:3)
  3 two-headed ogres
  2 radroaches (Spider:1)
  4 deep troll shamans
  16 dancing weapons
  A spectral frost giant (Depths:2)
  7 centaur warriors (Vaults:1)
  A death scarab (Spider:4)
  A torpor snail (shapeshifter) (Vaults:5)
  2 vampire magi (Depths:2)
  5 tengu warriors
  5 death yaks
  5 demonic crawlers
  4 deep troll earth magi
  3 orc high priests
  A spectral storm dragon (Depths:2)
  7 hell knights
  12 deep elf knights
  A skeletal warrior (D:15)
  7 iron trolls
  2 skysharks
  A death drake (shapeshifter) (Depths:1)
  5 pharaoh ants
  12 sea snakes
  2 shadow demons
  2 sixfirhies (Gauntlet)
  23 deep trolls
  A fire crab (shapeshifter) (Vaults:5)
  A death drake (Depths:2)
  A spectral spark wasp (Depths:2)
  2 sun moths
  A flayed ghost (Depths:3)
  2 glowing orange brains
  5 arcanists
  2 spriggan druids (Depths:1)
  8 orb spiders
  A swamp dragon (shapeshifter) (Vaults:1)
  An orange crystal statue (Depths:2)
  9 deep elf archers
  21 harpies
  4 steelbarb worms
  4 orc knights
  8 ironbound convokers
  A spectral iron dragon (Depths:2)
  25 deep elf zephyrmancers
  A necromancer (D:14)
  A sphinx simulacrum (Depths:2)
  4 phantasmal warriors
  21 deep elf pyromancers
  2 lindwurms (Vaults:1)
  14 wolf spiders
  20 ugly things
  6 orc sorcerers
  6 moths of wrath
  8 elephants
  10 fauns
  A salamander (D:15)
  12 manticores
  5 meliai
  4 kobold blastminers (Orc:2)
  5 cyclopes
  8 black mambas
  4 merfolk sirens
  A guardian serpent (Lair:5)
  7 vault sentinels
  2 water nymphs
  A titan simulacrum (Depths:2)
  8 cane toads
  5 torpor snails
  A gargoyle (D:12)
  An orange demon (Depths:4)
  A cane toad (shapeshifter) (Elf:3)
  2 freezing wraiths
  A rime drake (shapeshifter) (D:13)
  4 komodo dragons
  A rime drake (Lair:5)
  2 golden dragon simulacra (Depths:2)
  16 yaktaurs
  2 tormentors
  3 tengu conjurers (Depths:4)
  A red devil (Depths:3)
  A queen bee (shapeshifter) (Spider:1)
  13 merfolk
  13 tarantellas
  A polar bear (Lair:5)
  7 wind drakes
  4 trolls
  A hornet (Lair:5)
  A shadow dragon simulacrum (Depths:2)
  14 blink frogs
  6 dream sheep
  4 snapping turtles
  22 jumping spiders
  8 slime creatures
  An iron dragon simulacrum (Depths:2)
  A glass eye (Depths:4)
  An air elemental (Elf:2)
  10 culicivoras
  A vampire (D:11)
  A wraith (D:15)
  A spriggan (shapeshifter) (D:15)
  11 water elementals
  38 yaks
  7 wyverns
  Eustachio (D:4)
  2 basilisks (Lair:1)
  3 fire elementals (Elf:2)
  3 vampire mosquitoes
  38 redbacks
  A steam dragon (Lair:3)
  4 wargs
  2 chaos spawn
  11 water moccasins
  A hell hound (D:10)
  3 ice beasts
  A sky beast (D:7)
  26 orc warriors
  6 centaurs
  10 wolves
  5 ogres
  A kobold brigand (D:8)
  7 bullfrogs
  An earth elemental (Elf:1)
  A wight (D:7)
  7 killer bees
  4 hounds
  4 jellies
  11 orc priests
  Ijyb (D:5)
  An iguana (D:5)
  14 orc wizards
  Natasha (D:2)
  3 hell rats (Lair:5)
  4 ogre zombies (D:10)
  Robin (D:4)
  2 gnolls
  11 adders
  A shadow imp (D:6)
  A nameless horror (D:6)
  2 ufetubi (D:7)
  2 ribbon worms
  2 dart slugs
  39 orcs
  7 ball pythons
  8 endoplasms
  5 giant cockroaches
  2 gnoll zombies (D:10)
  11 goblins
  A hobgoblin (D:3)
  5 jackals
  4 quokkas
  6 bats
  A frilled lizard (D:3)
  2 gnoll skeletons (D:10)
  5 kobolds
  An orc skeleton (D:10)
  10 orc zombies (D:10)
  6 rats
  An aspiring flesh (Zot:5)
1213 creatures vanquished.

Vanquished Creatures (collateral kills)
  3 ancient liches
  2 orbs of fire (Zot:5)
  Bai Suzhen (Shoals:3)
  Margery (Vaults:3)
  A golden dragon (Zot:4)
  Nikola (Shoals:4)
  2 Tzitzimimeh
  An electric golem (Zot:5)
  4 tentacled monstrosities
  A hellephant (Vaults:3)
  Mlioglotl (Shoals:3)
  A Hell Sentinel (D:11)
  10 Orb Guardians
  2 titans
  A deep elf blademaster (Elf:3)
  A deep elf master archer (Elf:3)
  2 sphinxes (Depths:3)
  A quicksilver dragon (Zot:4)
  Agnes (Spider:1)
  Gastronok (Lair:2)
  3 tengu reavers
  7 shadow dragons
  6 storm dragons
  Roxanne (Shoals:4)
  3 fire giants
  4 protean progenitors (Zot:5)
  An iron dragon (Depths:2)
  4 emperor scorpions
  2 draconian knights
  A ghost moth (Spider:4)
  3 frost giants
  A balrug (Zot:5)
  4 spectral juggernauts (Depths:2)
  2 draconian scorchers (Zot:4)
  9 vault wardens
  2 deep elf sorcerers (Elf:3)
  A draconian annihilator (Depths:4)
  5 stone giants
  2 formless jellyfish
  A draconian stormcaller (Depths:4)
  An ironbound thunderhulk (Vaults:4)
  3 broodmothers
  4 ironbound preservers
  A green draconian (Depths:4)
  9 very ugly things
  2 vampire knights (Depths:2)
  3 deep elf demonologists
  A spriggan defender (Depths:3)
  3 lorocyprocas
  3 purple draconians
  7 deep elf death magi
  2 deep elf annihilators (Elf:3)
  A yellow draconian (Depths:4)
  A white draconian (Zot:2)
  4 spark wasps
  3 red draconians
  6 ettins
  3 blizzard demons
  3 merfolk javelineers (Shoals:4)
  A fire dragon (Depths:3)
  4 merfolk impalers
  A deep elf high priest (Elf:3)
  5 entropy weavers
  2 spectral golden dragons (Depths:2)
  3 great orbs of eyes
  4 yaktaur captains
  2 spectral spriggans (Depths:2)
  Erolcha (D:13)
  2 alligator snapping turtles (Shoals:4)
  A spriggan air mage (Depths:4)
  A peacekeeper (Vaults:2)
  A hell beast (D:15)
  11 vault guards
  A jorogumo (Spider:3)
  2 ice dragons (Depths:3)
  A death knight (D:15)
  An ogre mage (Vaults:5)
  A hydra (Lair:2)
  3 two-headed ogres
  2 centaur warriors
  9 dancing weapons
  2 merfolk avatars (Shoals:3)
  2 merfolk aquamancers
  7 boulder beetles
  A catoblepas (Depths:4)
  A death yak (Lair:5)
  3 ironbound frosthearts
  A deep troll shaman (Depths:1)
  A two-headed ogre (shapeshifter) (Vaults:5)
  A spectral frost giant (Depths:2)
  2 satyrs
  3 tengu warriors
  4 deep troll earth magi
  A spriggan berserker (Depths:4)
  4 demonic crawlers
  A vampire mage (Depths:2)
  An orc high priest (Elf:1)
  An occultist (Depths:1)
  2 hell knights
  3 soul eaters
  3 spectral storm dragons (Depths:2)
  2 pharaoh ants
  3 deep elf knights
  2 sun demons (Zot:5)
  3 death drakes (Depths:2)
  A goliath frog (Zot:5)
  2 skysharks
  A spectral spark wasp (Depths:2)
  4 sea snakes
  5 arcanists
  A swamp dragon (shapeshifter) (Depths:4)
  10 deep trolls
  4 orb spiders
  3 glowing orange brains (Depths:2)
  4 steelbarb worms
  3 flayed ghosts (Depths:2)
  8 ironbound convokers
  An orange crystal statue (Depths:2)
  A lindwurm (Vaults:1)
  12 harpies
  7 deep elf archers
  2 orc knights
  3 phantasmal warriors
  8 deep elf pyromancers
  11 deep elf zephyrmancers
  A sphinx simulacrum (Depths:2)
  8 wolf spiders
  18 fauns
  14 ugly things
  8 manticores
  An orc sorcerer (D:10)
  3 cyclopes
  8 elephants
  8 moths of wrath
  A meliai (Spider:4)
  3 merfolk sirens
  9 vault sentinels
  A black mamba (Lair:2)
  A torpor snail (Spider:4)
  6 water nymphs
  28 yaktaurs
  9 cane toads
  An unseen horror (D:13)
  A freezing wraith (Vaults:5)
  4 komodo dragons
  2 efreet
  An unseen horror (shapeshifter) (Depths:1)
  A rime drake (D:10)
  4 spectral glowing shapeshifters (Depths:2)
  8 merfolk
  4 tengu conjurers
  A spectral human (Depths:2)
  7 trolls
  5 wind drakes
  2 hornets (Lair:5)
  A raiju (shapeshifter) (Depths:4)
  6 tarantellas
  2 polar bears
  7 blink frogs
  4 dream sheep
  A tengu simulacrum (Depths:2)
  A glass eye (Depths:2)
  5 snapping turtles
  7 water elementals
  12 culicivoras
  A wraith (D:13)
  12 jumping spiders
  11 slime creatures
  A ynoxinul (Zot:2)
  2 air elementals
  10 wyverns
  3 shadows (D:10)
  25 yaks
  4 basilisks
  A fire elemental (Elf:1)
  A chaos spawn (Depths:4)
  3 steam dragons
  5 vampire mosquitoes
  27 redbacks
  6 water moccasins
  2 acid dragons
  2 hell hounds (D:11)
  2 black bears
  14 orc warriors
  A sky beast (D:7)
  An ice beast (D:10)
  7 wolves
  An ogre (D:4)
  6 centaurs
  A kobold brigand (D:6)
  9 bullfrogs
  2 gnoll sergeants
  5 scorpions
  4 wights (D:7)
  9 killer bees
  2 howler monkeys
  A hound (D:5)
  4 jellies
  A gnoll bouda (D:4)
  8 orc priests
  3 iguanas
  2 sleepcaps
  Natasha (twice) (D:2)
  17 orc wizards
  A hell rat (Lair:5)
  2 ogre zombies (D:10)
  9 gnolls
  2 adders
  2 ufetubi (D:7)
  3 ribbon worms
  41 orcs
  4 endoplasms (Lair:4)
  2 giant cockroaches (Lair:2)
  5 goblins (D:4)
  3 hobgoblins
  A quokka (D:5)
  2 ball pythons
  A gnoll skeleton (D:10)
  5 kobolds
  An orc skeleton (D:10)
  2 orc zombies (D:10)
  2 aspiring fleshes (Zot:5)
884 creatures vanquished.

Vanquished Creatures (others)
  An ancient lich (Vaults:4)
  A deep elf master archer (Elf:3)
  A fire giant (Depths:3)
  A merfolk aquamancer (Shoals:4)
  An arcanist (Vaults:1)
  A goliath frog (Zot:5)
  A cane toad (Lair:5)
  A tengu conjurer (Depths:1)
  2 wights (D:7)
  An orc wizard (D:13)
  74 battlemagi
  2 ancestors (D:5)
87 creatures vanquished.

Grand Total: 2184 creatures vanquished

Notes
Turn   | Place    | Note
-------+----------+-------------------------------------------
     0 | D:1      | nakedcarnage the Octopode Wanderer began the quest for the
                  | Orb.
     0 | D:1      | nakedcarnage set off with the following items: a +0 rapier,
                  | a +0 falchion, 14 poisoned darts, a +0 dagger, a scroll of
                  | fear.
     0 | D:1      | Reached XP level 1. HP: 14/14 MP: 1/1
   149 | D:1      | Reached XP level 2. HP: 20/20 MP: 2/2
   263 | D:1      | Got the Anthology of the Evil Crevasse
   779 | D:2      | Noticed Natasha
   800 | D:2      | Reached XP level 3. HP: 26/26 MP: 2/4
   804 | D:2      | Learned a level 3 spell: Frozen Ramparts
   823 | D:2      | Reached skill level 1 in Spellcasting
   843 | D:2      | Found a burning altar of Makhleb.
   951 | D:2      | Reached skill level 1 in Ice Magic
  1108 | D:3      | Reached XP level 4. HP: 27/31 MP: 6/6
  1333 | D:3      | Reached XP level 5. HP: 33/36 MP: 6/8
  1392 | D:3      | Found a shimmering altar of Xom.
  1402 | D:3      | Found an ornate altar of the Wu Jian Council.
  1451 | D:3      | Found a hazy altar of Hepliaklqana.
  1455 | D:3      | Became a worshipper of Hepliaklqana the Forgotten
  1819 | D:3      | Noticed an ogre
  1876 | D:3      | Killed an ogre
  2243 | D:3      | Learned a level 3 spell: Summon Ice Beast
  2247 | D:4      | Reached XP level 6. HP: 41/42 MP: 9/9
  2686 | D:3      | Reached skill level 1 in Summonings
  2785 | D:4      | Found a staircase to the Ecumenical Temple.
  2791 | Temple   | Entered the Ecumenical Temple
  2831 | D:4      | Noticed Robin
  3014 | D:4      | Reached skill level 5 in Ice Magic
  3056 | D:4      | Killed Robin
  3187 | D:4      | Reached XP level 7. HP: 40/46 MP: 8/10
  3505 | D:4      | Reached * piety under Hepliaklqana
  3664 | D:4      | Noticed Eustachio
  3676 | D:4      | Killed Eustachio
  3677 | D:4      | Reached skill level 1 in Dodging
  4193 | D:2      | Killed Natasha
  4194 | D:2      | Reached XP level 8. HP: 48/48 MP: 7/11
  4239 | D:2      | Identified the +3 spear "Ox" {flame, rPois rF+ rC- Stlth+}
  4635 | D:2      | Noticed Natasha
  4641 | D:2      | Killed Natasha
  4703 | D:2      | Noticed Natasha
  4713 | D:2      | Killed Natasha
  4877 | D:5      | Entered Level 5 of the Dungeon
  4902 | D:5      | Found an opulent altar of Gozag.
  5009 | D:5      | Reached skill level 5 in Fighting
  5243 | D:5      | Noticed Ijyb
  5256 | D:5      | Killed Ijyb
  5395 | D:5      | Reached skill level 1 in Evocations
  5901 | D:6      | Found a glowing silver altar of Zin.
  6099 | D:6      | Reached ** piety under Hepliaklqana
  6099 | D:6      | Noticed Edmund
  6101 | D:6      | Remembered your ancestor Pemuto as a battlemage
  6375 | D:6      | Reached skill level 1 in Maces & Flails
  6598 | D:6      | Reached XP level 9. HP: 56/56 MP: 6/12
  7350 | D:7      | Found a shimmering blue altar of Sif Muna.
  7809 | D:7      | Reached skill level 5 in Dodging
  8181 | D:6      | Edmund changed into Edmund the ribbon worm
  8181 | D:6      | Noticed Edmund
  8186 | D:6      | Killed Edmund the ribbon worm
  8468 | D:8      | Reached *** piety under Hepliaklqana
  8837 | D:8      | Found a bloodstained altar of Trog.
  8871 | D:8      | Reached skill level 5 in Maces & Flails
  8949 | D:8      | Noticed a two-headed ogre
  8959 | D:8      | Killed a two-headed ogre
  8960 | D:8      | Reached XP level 10. HP: 64/64 MP: 7/13
  9976 | D:9      | Noticed a two-headed ogre
  9986 | D:9      | Killed a two-headed ogre
 10397 | D:9      | Noticed Harold
 10410 | D:9      | Killed Harold
 10411 | D:9      | Reached XP level 11. HP: 69/69 MP: 11/14
 10485 | D:9      | Found Otikent's Antique Weapon Emporium.
 10531 | D:9      | Reached skill level 10 in Maces & Flails
 10564 | D:9      | Noticed a manticore
 10820 | D:9      | Reached **** piety under Hepliaklqana
 11165 | D:10     | Entered Level 10 of the Dungeon
 11279 | D:10     | Found a stormy altar of Qazlal.
 11483 | D:10     | Noticed an orc sorcerer
 11489 | D:10     | Killed an orc sorcerer
 11608 | D:10     | Found a staircase to the Orcish Mines.
 11719 | D:10     | Found a staircase to the Lair.
 12040 | D:10     | Found a sparkling altar of Nemelex Xobeh.
 12208 | D:10     | Learned a level 4 spell: Summon Lightning Spire
 12211 | D:11     | Noticed a green ugly thing
 12219 | D:11     | Killed a green ugly thing
 12702 | D:11     | Found a shadowy altar of Dithmenos.
 12746 | D:11     | Noticed a manticore
 12761 | D:11     | Killed a manticore
 13098 | D:11     | Found a shadowy altar of Dithmenos.
 13486 | D:7      | Reached XP level 12. HP: 73/73 MP: 16/16
 13492 | D:7      | Learned a level 3 spell: Ozocubu's Armour
 13620 | Lair:1   | Entered Level 1 of the Lair of Beasts
 13807 | Lair:1   | Noticed a minotaur
 13809 | Lair:1   | Noticed Ocvoas's ghost (journeyman AtWr)
 13841 | Lair:1   | Reached skill level 5 in Summonings
 14068 | Lair:1   | Found a runed translucent gate.
 14068 | Lair:1   | Found a runed translucent gate.
 14068 | Lair:1   | Found a runed translucent gate.
 14946 | Lair:2   | Noticed a skyshark
 14955 | Lair:2   | Killed a skyshark
 15133 | Lair:2   | Noticed a seven-headed hydra
 15148 | Lair:2   | Killed a seven-headed hydra
 15223 | Lair:2   | Found a runed translucent door.
 15273 | Lair:2   | Noticed Gastronok
 15283 | Lair:2   | Killed Gastronok
 15321 | Lair:2   | Noticed a five-headed hydra
 15331 | Lair:2   | Killed a five-headed hydra
 15332 | Lair:2   | Reached skill level 1 in Invocations
 15443 | Lair:2   | Found a hole to the Spider Nest.
 15444 | Lair:2   | Noticed a demonic crawler
 15460 | Lair:2   | Killed a demonic crawler
 15461 | Lair:2   | Reached skill level 10 in Fighting
 15461 | Lair:2   | Reached XP level 13. HP: 75/82 MP: 7/17
 15526 | Lair:2   | Identified a scroll of acquirement
 15527 | Lair:2   | Acquired a manual of Fighting
 15916 | Lair:2   | Noticed YordlordTheGreat's ghost (journeyman HuCA)
 16350 | Lair:3   | Identified the +7 long sword of the End of Times {drain,
                  | Int+2}
 16380 | Lair:3   | Reached ***** piety under Hepliaklqana
 16571 | Lair:3   | Reached skill level 5 in Invocations
 17046 | Lair:3   | Found a staircase to the Shoals.
 17903 | Lair:4   | Found a staircase to the Slime Pits.
 17903 | Lair:4   | Found a viscous altar of Jiyva.
 18391 | Lair:4   | Reached skill level 10 in Dodging
 18601 | Lair:5   | Entered Level 5 of the Lair of Beasts
 18601 | Lair:5   | Noticed Nessos
 18604 | Lair:5   | Nessos changed into Nessos the dream sheep
 18604 | Lair:5   | Noticed Nessos
 18604 | Lair:5   | Killed Nessos the dream sheep
 18638 | Lair:5   | Reached XP level 14. HP: 85/93 MP: 8/18
 19745 | Lair:5   | Reached skill level 15 in Fighting
 21222 | Lair:5   | Reached skill level 1 in Air Magic
 21871 | D:12     | Found a gate leading to a gauntlet.
 21917 | Gauntlet | Entered a Gauntlet
 21917 | Gauntlet | Found a large runed translucent door.
 21917 | Gauntlet | Found a large runed translucent door.
 21917 | Gauntlet | Found a large runed translucent door.
 21917 | Gauntlet | Found a large runed translucent door.
 21917 | Gauntlet | Found a large runed translucent door.
 21917 | Gauntlet | Found a large runed translucent door.
 21917 | Gauntlet | Found a large runed translucent door.
 21917 | Gauntlet | Found a large runed translucent door.
 21917 | Gauntlet | Found a runed translucent door.
 21917 | Gauntlet | Found a runed translucent gate.
 21917 | Gauntlet | Found a transporter.
 21917 | Gauntlet | Found a transporter.
 21917 | Gauntlet | Found a runed translucent gate.
 21917 | Gauntlet | Found a transporter.
 22048 | Gauntlet | Found a transporter.
 22051 | Gauntlet | Found a transporter.
 22051 | Gauntlet | Found a transporter.
 22052 | Gauntlet | Found a runed translucent gate.
 22052 | Gauntlet | Found a runed translucent door.
 22056 | Gauntlet | Found a large runed translucent door.
 22056 | Gauntlet | Found a large runed translucent door.
 22065 | Gauntlet | Found a transporter.
 22077 | Gauntlet | Found a transporter.
 22084 | Gauntlet | Found a transporter.
 22105 | Gauntlet | Found a transporter.
 22105 | Gauntlet | Found a transporter.
 22150 | Gauntlet | Found a large runed translucent door.
 22150 | Gauntlet | Found a large runed translucent door.
 22151 | Gauntlet | Found a large runed translucent door.
 22151 | Gauntlet | Found a large runed translucent door.
 22152 | Gauntlet | Found a large runed translucent door.
 22152 | Gauntlet | Found a large runed translucent door.
 22177 | Gauntlet | Found a transporter.
 22380 | Gauntlet | Reached XP level 15. HP: 76/108 MP: 13/20
 22386 | Gauntlet | Identified the +1 battleaxe of Acoedoso {holy, Int+7}
 22520 | Gauntlet | Identified the amulet of Lugonu's Whim {Reflect rPois SH+5
                  | Stlth+}
 22553 | Gauntlet | Identified the +8 ring mail of Midnight {rElec rN+ Str+4
                  | Dex-2}
 22583 | Gauntlet | Got the Anthology of Relocated Hexing
 22673 | D:12     | Found Othruhutt's Blood Bar.
 22827 | D:12     | Reached ****** piety under Hepliaklqana
 22858 | D:12     | Reached skill level 5 in Shields
 23035 | D:12     | Learned a level 1 spell: Apportation
 23041 | D:12     | Learned a level 5 spell: Summon Mana Viper
 23147 | D:13     | Noticed Erolcha
 23149 | D:13     | Killed Erolcha
 23155 | D:13     | Found the +7 lajatang of Order {silver, rMut}
 23292 | D:13     | Noticed a frost giant
 23315 | D:13     | Found a transporter.
 23319 | D:13     | Noticed vmvhnmv's ghost (journeyman MiFi)
 23331 | D:13     | Found a transporter.
 23616 | D:14     | Found a flickering gateway to a bazaar.
 23660 | Bazaar   | Entered a bazaar
 23662 | Bazaar   | Found Xuuvvi Jaol's General Store.
 23666 | Bazaar   | Found Agaigir's Weapon Boutique.
 23666 | Bazaar   | Found Elugilon's Antique Armour Boutique.
 23667 | Bazaar   | Found Ryrphurrupn's Jewellery Boutique.
 23682 | Bazaar   | Bought a ring of protection from cold for 300 gold pieces
 23682 | Bazaar   | Bought the ring "Mukisk" {Fly rElec rC+ Stlth-} for 445
                  | gold pieces
 23682 | Bazaar   | Bought a +4 ring of protection for 432 gold pieces
 23845 | Bazaar   | Bought a scroll of teleportation for 48 gold pieces
 23845 | Bazaar   | Bought a scroll of teleportation for 48 gold pieces
 23845 | Bazaar   | Bought a scroll of teleportation for 48 gold pieces
 23905 | D:14     | Found a gate to the Vaults.
 23973 | D:14     | Identified the +2 helmet of Xezimi {rElec Dex+2}
 24029 | D:14     | Acquired a +1 hat of willpower
 24067 | D:14     | Found Elampa's Book Shop.
 24391 | D:15     | Entered Level 15 of the Dungeon
 24835 | D:15     | Found a staircase to the Depths.
 25385 | D:15     | Reached skill level 10 in Shields
 25959 | D:15     | Found a staircase to the Depths.
 26610 | Orc:1    | Entered Level 1 of the Orcish Mines
 26940 | Orc:2    | Entered Level 2 of the Orcish Mines
 26940 | Orc:2    | Found a staircase to the Elven Halls.
 27226 | Orc:2    | Reached XP level 16. HP: 91/113 MP: 21/21
 27391 | Orc:2    | Found a roughly hewn altar of Beogh.
 27528 | Orc:2    | Found Bakh's Antique Armour Emporium.
 27528 | Orc:2    | Found Juifupai's Distillery.
 27528 | Orc:2    | Found Qaph's Book Boutique.
 27565 | Orc:2    | Found Sapis's Magic Scroll Shoppe.
 27576 | Orc:2    | Bought a potion of heal wounds for 75 gold pieces
 27576 | Orc:2    | Bought a potion of berserk rage for 75 gold pieces
 27583 | Orc:2    | Bought a scroll of fear for 52 gold pieces
 27583 | Orc:2    | Bought a scroll of fear for 52 gold pieces
 27820 | Orc:2    | Found a staircase to the Elven Halls.
 28069 | Orc:2    | Found Bakh's Antique Armour Emporium.
 28069 | Orc:2    | Found Juifupai's Distillery.
 28071 | Orc:2    | Found Qaph's Book Boutique.
 28073 | Orc:2    | Found Sapis's Magic Scroll Shoppe.
 28081 | Orc:2    | Bought a scroll of identify for 26 gold pieces
 28081 | Orc:2    | Bought a scroll of identify for 26 gold pieces
 28081 | Orc:2    | Bought a scroll of identify for 26 gold pieces
 28081 | Orc:2    | Bought a scroll of identify for 26 gold pieces
 28130 | Elf:1    | Entered Level 1 of the Elven Halls
 29546 | Elf:1    | Identified the ring "Coicli Reana" {rF+++ rC+ MP+9 AC+4}
 29715 | Elf:1    | Got the Volume of the Sympathetic Missiles
 30034 | Elf:2    | Paralysed by an air elemental for 1 turns
 30248 | Elf:2    | Reached skill level 15 in Shields
 30455 | Elf:2    | Found Jyalixuz's Jewellery Emporium.
 30693 | Elf:2    | Found a runed translucent gate.
 30693 | Elf:2    | Found a runed translucent gate.
 30694 | Elf:2    | Found a runed translucent gate.
 30761 | Elf:3    | Entered Level 3 of the Elven Halls
 30779 | Elf:3    | Noticed a Hell Sentinel
 30854 | Elf:3    | Reached XP level 17. HP: 119/119 MP: 22/22
 31231 | Elf:3    | Reached skill level 15 in Maces & Flails
 31493 | Elf:3    | Noticed a deep elf blademaster
 31502 | Elf:3    | Killed a deep elf blademaster
 31739 | Elf:3    | Noticed a deep elf master archer
 31747 | Elf:3    | Killed a deep elf master archer
 31851 | Elf:3    | Found Bezayvesch's Jewellery Emporium.
 32024 | Elf:3    | Paralysed by an air elemental for 1 turns
 32593 | Elf:3    | Noticed a deep elf master archer
 32721 | Elf:3    | Killed a deep elf master archer
 32864 | Elf:3    | Identified the +0 leather armour "Maydu" {Rampage rCorr}
 32869 | Elf:3    | Identified the ring "Jimogoac" {Will+ EV+5 SInv}
 32899 | Elf:3    | Found Ysuynad's General Store.
 32906 | Elf:3    | Bought a scroll of fog for 68 gold pieces
 32906 | Elf:3    | Bought a scroll of fear for 68 gold pieces
 32973 | Elf:3    | Noticed a deep elf master archer
 32978 | Elf:3    | Noticed a deep elf master archer
 32987 | Elf:3    | Killed a deep elf master archer
 32993 | Elf:3    | Noticed a deep elf blademaster
 32997 | Elf:3    | Killed a deep elf master archer
 33182 | Elf:3    | Found Ukorhor's Weapon Boutique.
 33639 | Elf:3    | Killed a deep elf blademaster
 33811 | Elf:3    | Identified the +0 dagger of Waur {heavy, rPois rC+ SInv}
 33959 | Elf:3    | Found a shimmering blue altar of Sif Muna.
 34149 | Elf:3    | Found a shimmering blue altar of Sif Muna.
 34285 | Elf:3    | Found Ysuynad's General Store.
 34442 | Elf:3    | Found Bezayvesch's Jewellery Emporium.
 34454 | Elf:3    | Found Ukorhor's Weapon Boutique.
 34782 | Elf:2    | Reached XP level 18. HP: 126/126 MP: 23/23
 34966 | Elf:2    | Reached skill level 5 in Evocations
 36319 | Lair:1   | Killed Ocvoas's ghost
 36325 | Lair:1   | Identified the +1 scimitar of Gloom {heavy, *Rage ^Fragile
                  | rPois Int+7}
 36418 | Lair:2   | Killed YordlordTheGreat's ghost
 36467 | Shoals:1 | Entered Level 1 of the Shoals
 36467 | Shoals:1 | Found Udiveh's Book Boutique.
 36467 | Shoals:1 | Found a transporter.
 36467 | Shoals:1 | Found a transporter.
 36549 | Shoals:1 | Found a transporter.
 36610 | Shoals:1 | Found a transporter.
 36812 | Shoals:1 | Found a transporter.
 36814 | Shoals:1 | Found a transporter.
 37074 | Shoals:2 | Found Umnekosomm's Distillery.
 37129 | Shoals:2 | Bought a potion of cancellation for 136 gold pieces
 37129 | Shoals:2 | Bought a potion of might for 68 gold pieces
 37283 | Shoals:2 | Found Wecziposk's Book Shoppe.
 37283 | Shoals:2 | Noticed a walking earthen tome
 37283 | Shoals:2 | Noticed a walking earthen tome
 37353 | Shoals:2 | Found Ywkyur's Book Shop.
 37378 | Shoals:2 | Found Oseddihext's Book Shoppe.
 37740 | Shoals:3 | Noticed Polyphemus
 37755 | Shoals:3 | Reached skill level 1 in Shapeshifting
 37766 | Shoals:3 | Killed Polyphemus
 37863 | Shoals:3 | Noticed Bai Suzhen
 38079 | Shoals:3 | Reached XP level 19. HP: 131/131 MP: 26/26
 38161 | Shoals:3 | Reached skill level 5 in Shapeshifting
 38176 | Shoals:3 | Killed Bai Suzhen
 38353 | Shoals:3 | Reached skill level 10 in Invocations
 38647 | Shoals:4 | Entered Level 4 of the Shoals
 38649 | Shoals:4 | Noticed Mlioglotl
 38664 | Shoals:3 | Killed Mlioglotl
 38931 | Shoals:4 | Got a barnacled rune of Zot
 39260 | Shoals:4 | Noticed Nikola
 39272 | Shoals:4 | Killed Nikola
 39381 | Shoals:4 | Identified the ring "Lumyotye" {rPois Dex+2}
 39474 | Shoals:4 | Reached skill level 10 in Shapeshifting
 39617 | Shoals:4 | Noticed Roxanne
 39636 | Shoals:4 | Killed Roxanne
 39807 | Spider:1 | Entered Level 1 of the Spider Nest
 40360 | Spider:1 | Noticed Agnes
 40365 | Spider:1 | Killed Agnes
 40367 | Spider:1 | Reached XP level 20. HP: 138/138 MP: 27/27
 41278 | Spider:2 | Found a runed translucent gate.
 41278 | Spider:2 | Found a runed translucent gate.
 41278 | Spider:2 | Found a runed translucent gate.
 41370 | Spider:2 | Noticed Saxaraxtai's ghost (journeyman MiBe)
 42279 | Spider:4 | Entered Level 4 of the Spider Nest
 42419 | Spider:4 | Acquired a manual of Translocations
 42534 | Spider:4 | Reached skill level 1 in Translocations
 42740 | Spider:4 | Reached skill level 5 in Spellcasting
 42952 | Spider:4 | Found the +3 crown of Dyrovepreva {rElec Int+2 SInv}
 42990 | Spider:4 | Got a gossamer rune of Zot
 43137 | Spider:4 | Learned a level 4 spell: Manifold Assault
 43143 | Spider:4 | Learned a level 5 spell: Summon Forest
 43434 | Vaults:1 | Entered Level 1 of the Vaults
 43443 | Vaults:1 | Reached skill level 5 in Translocations
 43452 | Vaults:1 | Reached XP level 21. HP: 144/144 MP: 28/28
 44619 | Vaults:2 | Found Waiwib's Weapon Shop.
 44626 | Vaults:2 | Reached skill level 15 in Shapeshifting
 44828 | Vaults:2 | Learned a level 2 spell: Blink
 44833 | Vaults:2 | Learned a level 4 spell: Vhi's Electric Charge
 45290 | Vaults:2 | Found a staircase to the Crypt.
 45290 | Vaults:2 | Found a basalt altar of Yredelemnul.
 45291 | Vaults:2 | Found an ancient bone altar of Kikubaaqudgha.
 45464 | Vaults:3 | Reached skill level 10 in Translocations
 45594 | Vaults:3 | Noticed Margery
 45608 | Vaults:3 | Killed Margery
 45703 | Vaults:3 | Reached skill level 5 in Air Magic
 45868 | Vaults:3 | Reached XP level 22. HP: 150/150 MP: 31/31
 45999 | Vaults:3 | Found Dyiceju's Armour Emporium.
 46299 | Vaults:4 | Identified the +6 scale mail of the Zebrataur {rF+ rN+
                  | Will+ Int+2}
 46345 | Vaults:4 | Found a huge runed translucent gate.
 46345 | Vaults:4 | Found a huge runed translucent gate.
 46345 | Vaults:4 | Found a huge runed translucent gate.
 46345 | Vaults:4 | Found a huge runed translucent gate.
 46345 | Vaults:4 | Found a huge runed translucent gate.
 46346 | Vaults:4 | Found a huge runed translucent gate.
 46346 | Vaults:4 | Found a huge runed translucent gate.
 46346 | Vaults:4 | Found a huge runed translucent gate.
 46346 | Vaults:4 | Found a huge runed translucent gate.
 46346 | Vaults:4 | Found a huge runed translucent gate.
 46347 | Vaults:4 | Found a huge runed translucent gate.
 46348 | Vaults:4 | Found a huge runed translucent gate.
 46349 | Vaults:4 | Found a huge runed translucent gate.
 46350 | Vaults:4 | Found a huge runed translucent gate.
 46351 | Vaults:4 | Found a huge runed translucent gate.
 46351 | Vaults:4 | Found a huge runed translucent gate.
 46355 | Vaults:4 | Found a huge runed translucent gate.
 46356 | Vaults:4 | Found a huge runed translucent gate.
 46357 | Vaults:4 | Found a huge runed translucent gate.
 46357 | Vaults:4 | Found a huge runed translucent gate.
 46359 | Vaults:4 | Found a huge runed translucent gate.
 46360 | Vaults:4 | Found a huge runed translucent gate.
 46361 | Vaults:4 | Found a huge runed translucent gate.
 46362 | Vaults:4 | Found a huge runed translucent gate.
 46362 | Vaults:4 | Found a huge runed translucent gate.
 46401 | Vaults:4 | Found a huge runed translucent gate.
 46402 | Vaults:4 | Found a huge runed translucent gate.
 46403 | Vaults:4 | Found a huge runed translucent gate.
 46403 | Vaults:4 | Found a huge runed translucent gate.
 46405 | Vaults:4 | Found a huge runed translucent gate.
 46406 | Vaults:4 | Found a huge runed translucent gate.
 46407 | Vaults:4 | Found a huge runed translucent gate.
 46408 | Vaults:4 | Found a huge runed translucent gate.
 46408 | Vaults:4 | Found a huge runed translucent gate.
 46412 | Vaults:4 | Found a huge runed translucent gate.
 46413 | Vaults:4 | Found a huge runed translucent gate.
 46537 | Vaults:4 | Found Noschucsaw's Antique Weapon Boutique.
 47069 | Vaults:4 | Noticed an ancient lich
 47078 | Vaults:4 | Killed an ancient lich
 47455 | Vaults:4 | Identified the +6 hand axe "Orghuf Fura" {flame, +Blink
                  | MP+9 Str+2 Dex+3}
 48021 | Vaults:4 | Found Noschucsaw's Antique Weapon Boutique.
 48211 | Vaults:4 | Learned a level 2 spell: Lesser Beckoning
 48476 | Depths:1 | Entered Level 1 of the Depths
 48810 | Depths:1 | Found a gateway to Hell.
 48928 | Depths:1 | Found a radiant altar of Vehumet.
 49075 | Depths:2 | Reached XP level 23. HP: 158/158 MP: 33/33
 49947 | Depths:2 | Found a one-way gate leading to the halls of Pandemonium.
 49947 | Depths:2 | You fall into a shaft and drop 1 floor!
 49947 | Depths:3 | Found a corrupted altar of Lugonu.
 49947 | Depths:3 | Found a one-way gate to the infinite horrors of the Abyss.
 49964 | Depths:3 | Noticed Xtahua
 49971 | Depths:3 | Killed Xtahua
 49973 | Depths:3 | Found a one-way gateway to a ziggurat.
 50814 | Depths:2 | Got Sif Muna's Book of Tropical Chilblains
 51165 | Depths:3 | Identified the +0 short sword of Defenestration {venom,
                  | Will+ Int+5}
 51186 | Depths:3 | Noticed a golden dragon
 51191 | Depths:3 | Killed a golden dragon
 51198 | Depths:3 | Reached skill level 10 in Evocations
 51480 | Depths:3 | Identified the +7 dagger of Vaff {freeze, rElec rPois}
 51485 | Depths:3 | Acquired a +6 eveningstar of flaming
 51520 | Depths:3 | Found an opulent altar of Gozag.
 51740 | Depths:3 | Identified the +1 rapier of Contention {antimagic, rElec
                  | rN+}
 51862 | Depths:4 | Entered Level 4 of the Depths
 51884 | Depths:4 | Reached XP level 24. HP: 168/168 MP: 33/33
 51920 | Depths:4 | Noticed a juggernaut
 51929 | Depths:4 | Killed a juggernaut
 51955 | Depths:4 | Identified the ring of Noepas {Wiz rElec Str+4 Int+2}
 52463 | Depths:4 | Found a gate to the Realm of Zot.
 52509 | Depths:4 | Found Worarreeph's Pet Rocks.
 53505 | Elf:3    | Bought a +6 ring of dexterity for 648 gold pieces
 53599 | Elf:2    | Bought a +6 ring of dexterity for 684 gold pieces
 53599 | Elf:2    | Bought a +6 ring of dexterity for 684 gold pieces
 53938 | Vaults:5 | Entered Level 5 of the Vaults
 54040 | Vaults:5 | Noticed a dread lich
 54056 | Vaults:5 | Killed a dread lich
 54079 | Vaults:5 | Reached skill level 15 in Dodging
 54113 | Vaults:5 | Noticed Mara
 54130 | Vaults:5 | Noticed nakedcarnage's illusion
 54154 | Vaults:5 | Noticed nakedcarnage's illusion
 54169 | Vaults:5 | Killed Mara
 54199 | Vaults:5 | Found Jaist's Magic Scroll Shop.
 54203 | Vaults:5 | Bought a scroll of enchant armour for 135 gold pieces
 54203 | Vaults:5 | Found Huipridd's Magic Scroll Shoppe.
 54203 | Vaults:5 | Found Ahiapyro's Distillery.
 54205 | Vaults:5 | Bought a scroll of revelation for 135 gold pieces
 54205 | Vaults:5 | Bought a scroll of revelation for 135 gold pieces
 54213 | Vaults:5 | Bought a scroll of teleportation for 57 gold pieces
 54213 | Vaults:5 | Bought a scroll of blinking for 142 gold pieces
 54213 | Vaults:5 | Bought a scroll of enchant weapon for 142 gold pieces
 54250 | Vaults:5 | Found Dummixt's Magic Scroll Shop.
 54257 | Vaults:5 | Bought 2 scrolls of enchant armour for 300 gold pieces
 54257 | Vaults:5 | Bought a scroll of blinking for 150 gold pieces
 54257 | Vaults:5 | Bought a scroll of enchant armour for 150 gold pieces
 54477 | Vaults:5 | Reached XP level 25. HP: 175/175 MP: 33/33
 55008 | Vaults:5 | Noticed an ancient lich
 55013 | Vaults:5 | Killed an ancient lich
 55038 | Vaults:5 | Noticed an ancient lich
 55045 | Vaults:5 | Killed an ancient lich
 55071 | Vaults:5 | Got a silver rune of Zot
 55300 | Vaults:5 | Bought 2 potions of curing for 72 gold pieces
 55300 | Vaults:5 | Bought a potion of curing for 36 gold pieces
 55300 | Vaults:5 | Bought a potion of might for 48 gold pieces
 55300 | Vaults:5 | Bought a potion of resistance for 120 gold pieces
 55300 | Vaults:5 | Bought a potion of resistance for 120 gold pieces
 55300 | Vaults:5 | Bought a potion of curing for 36 gold pieces
 55300 | Vaults:5 | Bought a potion of invisibility for 96 gold pieces
 55624 | Orc:2    | Bought a potion of magic for 120 gold pieces
 55624 | Orc:2    | Bought a potion of curing for 45 gold pieces
 55624 | Orc:2    | Bought a potion of curing for 45 gold pieces
 55624 | Orc:2    | Bought a potion of curing for 45 gold pieces
 55973 | Zot:1    | Entered Level 1 of the Realm of Zot
 56172 | Zot:3    | Found a bloodstained altar of Trog.
 56205 | Zot:3    | You fall into a shaft and drop 1 floor!
 56380 | Zot:5    | Entered Level 5 of the Realm of Zot
 56524 | Zot:5    | Got a prismatic gem with 227 turns to spare
 57660 | Zot:5    | Noticed an orb of fire
 57665 | Zot:5    | Reached XP level 26. HP: 180/180 MP: 33/33
 57668 | Zot:5    | Noticed an orb of fire
 57676 | Zot:5    | Killed an orb of fire
 57686 | Zot:5    | Killed an orb of fire
 57826 | Zot:5    | Noticed an orb of fire
 57831 | Zot:5    | Noticed an orb of fire
 57835 | Zot:5    | Gained mutation: You are vulnerable to heat. (rF-) [an orb
                  | of fire]
 57838 | Zot:5    | Killed an orb of fire
 57839 | Zot:5    | Reached XP level 27. HP: 186/186 MP: 14/33
 57852 | Zot:5    | Killed an orb of fire
 57867 | Zot:5    | Noticed an orb of fire
 57882 | Zot:5    | Killed an orb of fire
 58067 | Zot:5    | Noticed an ancient lich
 58068 | Zot:5    | Noticed an orb of fire
 58070 | Zot:5    | Gained mutation: Your spells are a little harder to cast,
                  | but a little more powerful. [an orb of fire]
 58071 | Zot:5    | Noticed an orb of fire
 58073 | Zot:5    | Noticed a dread lich
 58075 | Zot:5    | Gained mutation: You are frail. (-10% HP) [an orb of fire]
 58077 | Zot:5    | Noticed an orb of fire
 58077 | Zot:5    | Gained mutation: You sometimes lose your temper in combat.
                  | [an orb of fire]
 58088 | Zot:5    | Gained mutation: Your body sometimes deteriorates upon
                  | taking damage. [an orb of fire]
 58096 | Zot:5    | Killed an ancient lich
 58097 | Zot:5    | Killed a dread lich
 58099 | Zot:5    | Noticed an orb of fire
 58099 | Zot:5    | Lost mutation: Your spells are a little harder to cast, but
                  | a little more powerful. [an orb of fire]
 58099 | Zot:5    | Gained mutation: You have an uncontrollable temper. [an orb
                  | of fire]
 58100 | Zot:5    | Gained mutation: You occasionally lose the ability to drink
                  | potions when taking damage. [an orb of fire]
 58103 | Zot:5    | Gained mutation: You sometimes lose the ability to drink
                  | potions when taking damage. [an orb of fire]
 58106 | Zot:5    | Killed an orb of fire
 58108 | Zot:5    | Killed an orb of fire
 58198 | Zot:5    | Lost mutation: You are frail. (-10% HP) [potion of
                  | mutation]
 58198 | Zot:5    | Lost mutation: You sometimes lose the ability to drink
                  | potions when taking damage. [potion of mutation]
 58198 | Zot:5    | Gained mutation: One of your tentacles bears a spike.
                  | [potion of mutation]
 58198 | Zot:5    | Lost mutation: Your body sometimes deteriorates upon taking
                  | damage. [potion of mutation]
 58198 | Zot:5    | Lost mutation: You occasionally lose the ability to drink
                  | potions when taking damage. [potion of mutation]
 58199 | Zot:5    | Lost mutation: You are vulnerable to heat. (rF-) [potion of
                  | mutation]
 58199 | Zot:5    | Lost mutation: One of your tentacles bears a spike. [potion
                  | of mutation]
 58199 | Zot:5    | Gained mutation: You have an increased reservoir of magic.
                  | (+10% MP) [potion of mutation]
 58199 | Zot:5    | Gained mutation: You are partially covered in iridescent
                  | scales. (AC +2) [potion of mutation]
 58199 | Zot:5    | Gained mutation: You occasionally lose the ability to drink
                  | potions when taking damage. [potion of mutation]
 58200 | Zot:5    | Lost mutation: You have an increased reservoir of magic.
                  | (+10% MP) [potion of mutation]
 58200 | Zot:5    | Lost mutation: You have an uncontrollable temper. [potion
                  | of mutation]
 58200 | Zot:5    | Gained mutation: Your flesh is cold resistant. (rC+)
                  | [potion of mutation]
 58200 | Zot:5    | Gained mutation: You are partially covered in large bone
                  | plates. (SH +4) [potion of mutation]
 58201 | Zot:5    | Lost mutation: You sometimes lose your temper in combat.
                  | [potion of mutation]
 58201 | Zot:5    | Lost mutation: You are partially covered in large bone
                  | plates. (SH +4) [potion of mutation]
 58201 | Zot:5    | Gained mutation: Your muscles are strong. (Str +4, Int/Dex
                  | -1) [potion of mutation]
 58201 | Zot:5    | Gained mutation: You expend magic power (3 MP) to
                  | strengthen your wands. [potion of mutation]
 58201 | Zot:5    | Gained mutation: Your flesh is very cold resistant. (rC++)
                  | [potion of mutation]
 58294 | Zot:5    | Gained mutation: You occasionally lose the ability to read
                  | scrolls when taking damage. [an orb of fire]
 58301 | Zot:5    | Killed an orb of fire
 58304 | Zot:5    | Lost mutation: Your muscles are strong. (Str +4, Int/Dex
                  | -1) [an orb of fire]
 58311 | Zot:5    | Killed an orb of fire
 59282 | Zot:5    | Got the Orb of Zot
 59833 | D:9      | Noticed Nilec the pandemonium lord
 59833 | D:9      | Noticed an ancient lich
 59956 | D:$      | Escaped with the Orb!

Illustrated notes

Levels and vault maps discovered:
D:1:      saegor_arrival_simple_c, layout_loops_ring,
          chequers_serial_rivers_micro_a, amcnicky_mini_pool_small,
          grunt_decor_fettered
D:2:      layout_rooms, serial_glass, glass_columns_a, glass_columns_a,
          minmay_strange_pillars, basic_altar, uniq_natasha
D:3:      layout_basic, general_overflow_altar, jmf_multi_god_temple2,
          dk_vineyard_1
D:4:      layout_basic, minmay_temple_entry_gardened_gates, minivault_27,
          kennysheep_path_1, minmay_misc_feat_secret_circle, interstate_on_off,
          uniq_eustachio, uniq_robin
D:5:      layout_gridville, mainiacjoe_overflow_brackets, kennysheep_dice,
          uniq_ijyb
D:6:      layout_loops_ring, zin_academy, serial_co_window_serial,
          co_window_paths_b, co_window_cross_1, co_window_cross_1,
          co_window_of_opportunity_a, co_window_corner_a, co_window_paths_b,
          co_window_of_opportunity_a, co_window_unsneaky_path_b,
          co_window_corner_b, co_window_broadway_a, co_window_unsneaky_path_a,
          co_window_paths_e, uniq_edmund
D:7:      layout_basic, mainiacjoe_overflow_alcove_2, nrook_pool_corridor,
          nicolae_letterblocks [nicolae_letter_subblock,
          nicolae_letter_subblock, nicolae_letter_subblock,
          nicolae_letter_subblock, nicolae_letter_subblock,
          nicolae_letter_subblock, nicolae_letter_subblock,
          nicolae_letter_subblock, nicolae_letter_subblock,
          nicolae_letter_subblock, nicolae_letter_subblock,
          nicolae_letter_subblock, nicolae_letter_subblock,
          nicolae_letter_subblock, nicolae_letter_subblock,
          nicolae_letter_subblock, nicolae_letter_subblock,
          nicolae_letter_subblock, nicolae_letter_subblock,
          nicolae_letter_subblock, nicolae_letter_subblock,
          nicolae_letter_subblock, nicolae_letter_subblock,
          nicolae_letter_subblock, nicolae_letter_subblock]
D:8:      minmay_angry_zag, layout_layer_cave, mainiacjoe_overflow_boulevard
D:9:      minmay_chambers_of_sixes, layout_irregular_city, serial_shops, shop,
          serial_column_ruins, column_ruins_square_huge,
          column_ruins_columns_straight, column_ruins_corridor_water,
          column_ruins_corridor_plus, column_ruins_corridor_water, uniq_harold
D:10:     layout_loops_ring, nicolae_qazlal_scattered_showers,
          nemelex_diamond_rough_becter, hellmonk_lair_entry_icy,
          zombieorc1_lemuel
D:11:     layout_rooms, nicolae_dithmenos_shadow_blocks
D:12:     layout_long_grid, gauntlet_entry_generic, grunt_ministairs_15,
          guppyfry_shop_blood
D:13:     layout_roguey, nzn_ghost_randoct, uniq_erolcha
D:14:     layout_big_octagon, david_vaults_1, serial_glass, glass_columns_a,
          glass_columns_c, item_on_display_a, feat_on_display, feat_on_display,
          serial_library_hellmonk_open_cross, serial_shops, bzr_entry_customers,
          nicolae_shop_rolling_square
D:15:     hangedman_depths_entry_try_elsewhere_first, layout_basic,
          palyth_stone_intersect
Temple:   nicolae_temple_bog_church
Lair:1:   layout_cave_pods, maelrawn_ghost_gauntlet_escape
Lair:2:   layout_chaotic_city, nicolae_spider_entry_non_spiders,
          ebering_ghost_reflecting_pool, grunt_megastairs_1,
          infiniplex_staircase_pool_2, uniq_gastronok
Lair:3:   layout_cave_pods, minmay_shoals_entry_centaurs,
          nicolae_lair_run_with_the_wolves
Lair:4:   layout_small_grid, nicolae_slime_entry_slimehenge, lemuel_fruit_tree,
          grunt_megastairs_4
Lair:5:   hangedman_lair_tendril_chambers, layout_cave_pods,
          nzn_sisyphean_effort, uniq_nessos
Shoals:1: layout_shoals, serial_shops, shop, serial_nicolae_subway,
          nicolae_sub_station_crystal, nicolae_sub_station_metal,
          nicolae_sub_station_stone
Shoals:2: layout_shoals, serial_shops, nicolae_stop_n_shop_1,
          nicolae_book_shop_shelving, nicolae_shop_mannequins, shop
Shoals:3: layout_shoals, uniq_bai_suzhen, uniq_polyphemus
Shoals:4: shoals_end_grunt_garden, layout_shoals, uniq_nikola, uniq_mlioglotl,
          uniq_roxanne
Spider:1: layout_spider_delve, hellmonk_deceptive_appearances, uniq_agnes
Spider:2: layout_cave_pods, gammafunk_ghost_necromancy
Spider:3: layout_spider_delve
Spider:4: guppyfry_spider_rune
Orc:1:    layout_diamond_mine
Orc:2:    st_orc_rangers, layout_caves, basic_altar
Elf:1:    nicolae_elf_arrival_no_cutting_in_line, layout_loops_cross,
          minmay_elf_sorcery, nicolae_elf_glass_and_crystal_pillar_1
Elf:2:    elven_hall_of_blades_hangedman_original
          [nicolae_blade_entry_area_security], layout_geoelf_octagon,
          serial_shops, shop
Elf:3:    minmay_elf_hall_quartered_circle, layout_onion_city, serial_shops,
          shop, shop, shop, serial_library_hellmonk_statue_hall,
          serial_sigils_hangedman_quiver
Vaults:1: nicolae_vaults_minivaults, nicolae_vaults_door_testing_chamber,
          ontoclasm_vaults_gateway, vaults_room_large_hall,
          ontoclasm_vaults_claustrophobia, nicolae_vaults_trapezoid_lopsided_2,
          nicolae_vaults_more_shelving_2, vaults_room_pool,
          nicolae_vaults_theta, layout_vaults_maze_bifur
Vaults:2: nicolae_vaults_three_branches, minmay_crypt_entry_necro_gods,
          nicolae_vaults_trapezoid_lopsided_3, vaults_dpeg_ring, v_misc_29,
          hangedman_vaults_river_flow, vaults_dpeg_doors, vaults_room_corners,
          nicolae_vaults_closet_pinwheel_4, nicolae_vaults_prndl,
          nicolae_vaults_taking_the_gang_shopping, vaults_room_semicircle,
          grunt_vaults_diagonal, layout_vaults_omnicross
Vaults:3: nicolae_vaults_tetromino_Z_1, vaults_room_hallway, v_misc_30,
          nicolae_vaults_offset_grid_hallway_1, nicolae_vaults_tangram_2,
          nicolae_vaults_offset_grid_hallway_1, nicolae_vaults_house_3,
          nicolae_vaults_closet_pinwheel_1, hangedman_vaults_corner_blocks,
          nicolae_vaults_closet_pinwheel_6, vaults_mumra_hex,
          nicolae_vaults_apartment_2, layout_vaults_omnibox, serial_shops, shop,
          uniq_margery
Vaults:4: nicolae_vaults_trapezoid_lopsided_3, ontoclasm_vaults_hangar,
          door_vault, nicolae_vaults_house_3, nicolae_vaults_house_3,
          hangedman_vaults_corner, nicolae_vaults_variable_pillar_hall,
          vaults_room_stairs_pillars, hangedman_vaults_slice, v_misc_14,
          v_misc_16, layout_vaults_omnigrid, serial_shops, nicolae_diamond_shop
Vaults:5: uniq_mara
Depths:1: layout_twisted_cross, vehumet_crystals, pf_coc_iceberg,
          kilobyte_rumbling_trees
Depths:2: lemuel_river_lethe, pan_entry, hell_entry
Depths:3: minmay_broken_ring, layout_cave_shapes, enter_ziggurat_d,
          pf_hell_entry_great_geh, abyss_entry_flame_altar,
          kennysheep_big_empty_room,
          nicolae_gozag_cash_rules_everything_around_me, grunt_megastairs_2,
          uniq_xtahua
Depths:4: evilmike_zot_entry_hall, layout_gridlike, abyss_entry_crystal,
          hell_entry, nicolae_wwwww, guppyfry_shop_earth
Zot:1:    layout_gridlike, st_stairs_6, grunt_ministairs_6
Zot:2:    layout_cathedral_of_symmetry, bh_zot_lava_cross, grunt_ministairs_9,
          nicolae_diode_quadrants
Zot:3:    layout_cellular_growth, hangedman_zot_decor_tridents, st_stairs_4,
          regret_index_zotdec_ceiling_fans
Zot:4:    layout_concentric_octagons, regret_index_zotdec_banners
Zot:5:    layout_misc_corridors

Skill      XL: |  1  2  3  4  5  6  7  8  9 10 11 12 13 14 15 16 17 18 19 20 21 22 23 24 25 26 27 |
---------------+----------------------------------------------------------------------------------+-----
Stealth        | 2 |  2.0
Fighting       | 3 4 6 8 10 12 17 18 19 21 22 | 22.0
Spellcasting   | 1 2 3 5 6 7 |  7.0
Ice Magic      | 1 2 4 5 6 |  6.0
Summonings     | 2 4 6 7 8 9 |  9.0
Dodging        | 2 3 5 7 8 10 11 12 14 15 18 22 | 22.4
Evocations     | 2 4 7 10 12 | 12.0
Maces & Flails | 2 6 9 12 14 16 | 16.0
Shields        | 4 11 15 17 18 19 20 | 20.0
Invocations    | 3 5 9 10 | 10.0
Air Magic      | 3 5 6 7 |  7.0
Shapeshifting  | 4 10 13 16 17 18 | 18.0
Translocations | 5 11 13 | 13.0
Short Blades   | |  3.0
Long Blades    | |  2.0
Throwing       | |  2.0

Action                     |  1- 3 |  4- 6 |  7- 9 | 10-12 | 13-15 | 16-18 | 19-21 | 22-24 | 25-27 || total
---------------------------+-------+-------+-------+-------+-------+-------+-------+-------+-------++-------
  Melee: Dagger            |    54 |    83 |       |       |       |       |       |       |       ||   137
         Constrict         |    14 |    23 |    40 |    40 |   107 |   188 |   217 |   114 |    45 ||   788
         Tentacles         |    12 |    20 |    37 |    76 |   283 |   255 |   370 |   397 |   196 ||  1646
         Spear             |       |     3 |   146 |       |       |       |       |       |       ||   149
         Trident           |       |     2 |       |       |       |       |       |       |       ||     2
         Flail             |       |       |    39 |   289 |   503 |       |       |       |       ||   831
         Morningstar       |       |       |     1 |       |   323 |   520 |       |       |       ||   844
         Eveningstar       |       |       |       |       |       |   296 |   960 |  1018 |   382 ||  2656
         Maw               |       |       |       |       |       |       |   262 |       |       ||   262
         Demon whip        |       |       |       |       |       |       |       |       |    48 ||    48
  Throw: Dart              |    17 |    15 |     1 |    14 |     2 |       |       |       |       ||    49
         Throwing net      |       |       |       |       |     1 |       |       |       |       ||     1
   Cast: Frozen Ramparts   |       |    11 |    16 |    17 |    11 |       |       |       |       ||    55
         Summon Ice Beast  |       |     3 |    32 |    36 |    31 |    16 |       |       |       ||   118
         Ozocubu's Armour  |       |       |       |     1 |    12 |     4 |       |     1 |       ||    18
         Manifold Assault  |       |       |       |       |       |       |       |       |     3 ||     3
         Vhi's Electric Ch |       |       |       |       |       |       |       |       |    10 ||    10
 Invoke: Ancestor Life: Ba |       |       |     1 |       |       |       |       |       |       ||     1
         Recall Ancestor   |       |       |     1 |    14 |     7 |    15 |     2 |     5 |    14 ||    58
         Idealise          |       |       |       |     1 |     2 |     4 |     3 |     1 |     6 ||    17
  Evoke: Wand              |       |       |     7 |    11 |     9 |     1 |     5 |       |     4 ||    37
         Phantom mirror    |       |       |       |       |       |     1 |     1 |       |       ||     2
         Box of beasts     |       |       |       |       |       |       |       |       |     1 ||     1
    Use: Scroll            |       |       |     5 |     6 |    19 |    14 |     5 |    18 |    15 ||    82
         Potion            |       |       |       |       |     6 |     1 |     2 |       |    15 ||    24
   Stab: Sleeping          |     6 |     5 |     7 |     7 |     7 |    10 |     3 |     3 |     1 ||    49
         Distracted        |     1 |       |     1 |     6 |    14 |    18 |    36 |    27 |    19 ||   122
         Invisible         |       |       |       |     1 |       |       |       |       |       ||     1
         Held in net/web   |       |       |       |       |     2 |       |       |       |       ||     2
 Armour: Skin              |    14 |    55 |    73 |    96 |   192 |   151 |   176 |   320 |   101 ||  1178
  Dodge: Dodged            |    21 |    31 |    91 |   148 |   625 |   393 |   851 |  1268 |   287 ||  3715
  Block: Buckler           |       |       |       |    38 |   111 |       |       |       |       ||   149
         Tower shield      |       |       |       |       |   310 |   868 |  1622 |  2074 |   637 ||  5511
   Form: Maw               |       |       |       |       |       |       |     1 |       |       ||     1
         Statue            |       |       |       |       |       |       |     1 |       |       ||     1

Table legend: (Time is in decaauts)
 A = Elapsed time spent in this place.
 B = Non-inter-level travel time spent in this place.
 C = Inter-level travel time spent in this place.
 D = Time resting spent in this place.
 E = Time spent auto-exploring this place.
 F = Levels seen in this place.
 G = Mean time per level.
                   A        B        C        D        E       F      G
               +--------+--------+--------+--------+--------+-----+--------+
         Total |  67149 |  59772 |   7377 |  11852 |  33191 |  50 | 1343.0 |
       Dungeon |  19607 |  16454 |   3153 |   3045 |   9647 |  15 | 1307.1 |
        Temple |      1 |      1 |      0 |      0 |      0 |   1 |    1.0 |
          Lair |   8298 |   7671 |    627 |   1972 |   4175 |   5 | 1659.6 |
        Shoals |   3236 |   3083 |    153 |    286 |   1717 |   4 |  809.0 |
   Spider Nest |   3369 |   3203 |    166 |     86 |   2303 |   4 |  842.2 |
  Orcish Mines |   2280 |   1985 |    295 |    566 |    983 |   2 | 1140.0 |
   Elven Halls |   7878 |   7237 |    641 |   3059 |   2405 |   3 | 2626.0 |
        Vaults |   9973 |   8506 |   1467 |    137 |   6567 |   5 | 1994.6 |
        Depths |   6628 |   6095 |    533 |    705 |   3447 |   4 | 1657.0 |
           Zot |   4996 |   4656 |    340 |   1676 |   1648 |   5 |  999.2 |
        Bazaar |    195 |    195 |      0 |    133 |     25 |   1 |  195.0 |
      Gauntlet |    683 |    683 |      0 |    186 |    272 |   1 |  683.0 |
               +--------+--------+--------+--------+--------+-----+--------+

Top non-repeatable levels by time:
   Zot:5: 4295 daAuts
   Elf:3: 3660 daAuts
Vaults:4: 3354 daAuts
Depths:2: 2725 daAuts
   Elf:2: 2651 daAuts
  Lair:5: 2578 daAuts
    D:15: 2080 daAuts
Vaults:5: 1953 daAuts
   Orc:2: 1806 daAuts
     D:3: 1728 daAuts
     D:8: 1700 daAuts
Vaults:2: 1691 daAuts
Vaults:1: 1656 daAuts
    D:10: 1628 daAuts
Depths:3: 1625 daAuts
